Map: Catalyst LE

Players

Spazymazy - Winner!

  • Race: Zerg Zerg
  • League: Master
  • Spawn Location: 5:00

A.I. 2 (Very Easy)

  • Race: Zerg Zerg
  • Spawn Location: 11:00

VOD

Have the link to the VOD?

Description

Credit to spazy

Time

  • Played on: July 23, 2018, 1:53 p.m.
  • Length: 4:53
Show
View Real Time Build Order
Export as new Build Order

Spazymazy Zerg - Winner!

Build Orders: Hatch First 

Get SALT Encoding   

  12  0:01  Drone  
  13  0:12  Overlord  
  13  0:16  Drone  
  14  0:30  Drone x2  
  14  0:34  Drone  
  17  0:52  Hatchery  
  17  0:55  Drone  
  17  0:57  Extractor  
  17  1:00  Drone  
  17  1:14  Spawning Pool  
  17  1:17  Drone  
  17  1:20  Drone  
  18  1:27  Drone  
  19  1:39  Overlord  
  19  2:00  Metabolic Boost  
  19  2:01  Queen  
  19  2:04  Queen  
  19  2:05  Zergling x2  
  19  2:06  Zergling x2  
  25  2:08  Zergling x2  
  25  2:12  Drone  
  27  2:23  Drone x2  
  29  2:37  Hatchery  
  28  2:40  Drone  
  29  2:44  Drone  
  29  2:47  Overlord  
  30  2:53  Baneling Nest  
  30  2:56  Drone  
  30  2:59  Drone  
  30  3:01  Drone  
  32  3:06  Drone x2  
  32  3:11  Drone x2  
  36  3:17  Drone x2  
  38  3:21  Overlord  
  38  3:26  Overlord  
  38  3:34  Zergling x8  
  42  3:42  Zergling x2  
  42  3:43  Zergling x6  
  42  3:48  Zergling x6  
  48  3:53  Queen  
  51  3:56  Zergling x2  
  51  3:57  Zergling x2  
  51  3:59  Zergling x2  
  54  4:04  Baneling x3  
  54  4:05  Baneling x3  
  55  4:10  Drone x3  
  57  4:17  Overlord  
  57  4:19  Zergling x4  
  57  4:32  Roach Warren  
  57  4:33  Evolution Chamber  
  57  4:35  Drone x4  
Show
View Real Time Build Order
Export as new Build Order

A.I. 2 (Very Easy) Zerg 

Build Orders: Pool Only 

Get SALT Encoding   

  12  0:00  Drone  
  13  0:12  Overlord  
  13  0:16  Drone  
  14  0:36  Spawning Pool  
  14  0:37  Extractor  
  14  0:40  Drone  
  13  0:47  Drone  
  14  0:53  Overlord  
  14  1:23  Zergling x2  
  14  1:25  Queen  
  17  1:34  Roach Warren  
  17  1:36  Drone  
  17  1:40  Extractor  
  17  1:45  Drone  
  17  1:50  Zergling x2  
  18  2:04  Drone  
  19  2:11  Drone  
  20  2:17  Zergling x2  
  20  2:19  Drone  
  22  2:30  Overlord  
  22  2:35  Drone  
  23  2:42  Drone  
  24  2:44  Roach  
  24  2:49  Drone  
  27  4:01  Zergling x2  
  27  4:28  Zergling x2  
  25  4:37  Drone  
Tags
 
League
Master
Matchup
ZvZ
Player
Spazymazy
Race
Zerg
Spawn Locations
Cross Positions
Add a new tag
Caveats
  • Supply blocks, unpowered buildings, or Contaminate may cause inaccurate times.
  • Supply counts are checked every 10 seconds.